 Dungeon Crawl Stone Soup version 0.26.1-11-gd32895ea62 (webtiles) character file.

Game seed: 14262008666806816213

271 Almogavar the Skirmisher (level 6, 0/53 HPs)
             Began as a Gnoll Wanderer on July 13, 2021.
             Slain by an adder (3 damage)
             ... on level 3 of the Dungeon.
             The game lasted 00:09:33 (2136 turns).

Almogavar the Skirmisher (Gnoll Wanderer)           Turns: 2136, Time: 00:09:33

Health: 0/53       AC: 12    Str: 13    XL:     6   Next: 23%
Magic:  8/8        EV: 11    Int: 13    God:
Gold:   202        SH:  0    Dex: 19    Spells: 8/8 levels left

rFire    . . .     SeeInvis .   r - +3 mace (protect)
rCold    . . .     Faith    .   (no shield)
rNeg     . . .     Spirit   .   c - +0 ring mail
rPois    .         Reflect  .   (no helmet)
rElec    .         Harm     .   (no cloak)
rCorr    .         Rampage  .   (no gloves)
Will     .....                  (no boots)
Stlth    ++........             l - amulet of regeneration
HPRegen  0.57/turn              (no ring)
MPRegen  0.11/turn              (no ring)

@: lethally poisoned (0 -> 0), protection aura
A: distributed training, fangs 1, strong nose
a: no special abilities


You were on level 3 of the Dungeon.
You visited 1 branch of the dungeon, and saw 3 of its levels.

You collected 202 gold pieces.

Inventory:

Hand Weapons
 a - a +2 hand crossbow
 k - a +0 hunting sling
 r - a +3 mace of protection (weapon)
Missiles
 b - 30 bolts
 j - 69 stones (quivered)
 m - 3 atropa-tipped darts
 n - 64 arrows
 p - 31 sling bullets
 w - 4 boomerangs
Armour
 c - a +0 ring mail (worn)
 e - a +0 buckler
 s - a +0 chain mail
Jewellery
 l - an amulet of regeneration (around neck)
Scrolls
 f - a scroll of enchant armour
 g - a scroll of blinking
 h - 3 scrolls of teleportation {unknown}
 i - 3 scrolls of fog
 o - 3 scrolls of remove curse
 u - a scroll of immolation {unknown}
Potions
 d - 2 potions of curing
 q - a potion of cancellation {unknown}
 t - a potion of attraction {unknown}
 v - a potion of heal wounds {unknown}


   Skills:
 + Level 6.8 Fighting
 + Level 1.8 Short Blades
 + Level 1.8 Long Blades
 + Level 1.8 Axes
 + Level 1.8 Maces & Flails
 + Level 1.8 Polearms
 + Level 1.8 Staves
 + Level 1.8 Slings
 + Level 1.8 Bows
 + Level 4.9 Crossbows
 + Level 1.8 Throwing
 + Level 3.2 Armour
 + Level 1.8 Dodging
 + Level 4.5 Stealth
 + Level 4.9 Shields
 + Level 1.8 Unarmed Combat
 + Level 1.8 Spellcasting
 + Level 1.4 Conjurations
 + Level 1.4 Hexes
 + Level 1.4 Summonings
 + Level 1.4 Necromancy
 + Level 1.4 Translocations
 + Level 1.4 Transmutations
 + Level 1.4 Fire Magic
 + Level 1.4 Ice Magic
 + Level 1.4 Air Magic
 + Level 1.4 Earth Magic
 + Level 1.4 Poison Magic
 + Level 2.0 Invocations
 + Level 1.8 Evocations


You had 8 spell levels left.
You didn't know any spells.
Your spell library was empty.

Dungeon Overview and Level Annotations

Branches:
Dungeon (3/15)

Altars:
Dithmenos
Kikubaaqudgha
Nemelex Xobeh
Uskayaw
Xom


Innate Abilities, Weirdness & Mutations

Your experience applies equally to all skills.
You have very sharp teeth.
Your uncanny sense of smell can sniff out nearby items.


Message History

Your Invocations skill increases to level 2!
You have reached level 6!
Your experience leads to an increase in your attributes!
Increase (S)trength, (I)ntelligence, or (D)exterity?
You feel agile.
You hit the adder.
The adder is lightly wounded.
The adder bites you.
* * * LOW HITPOINT WARNING * * *
The adder bites you.
* * * LOW HITPOINT WARNING * * *
You are poisoned.
The adder poisons you!
You barely miss the adder.
The adder is lightly wounded.
You feel sick. The adder closely misses you. The adder completely misses you.
You hit the adder.
The adder is heavily wounded.
You feel sick. The adder bites you.
You die...

#........##..#
###.#..>.###.##
######.#......#..#######
#.......#####.##........
#.#####.................
#.# #########.########
#.# #..######. #.#######
#.......#. #.#?$#S@#
#.......#. #†#(..)##
#.......#. #.##.((.
#.......#. #..#.#(##
#########. #.####..# ##
#..#.##'# #..†....#
#########


You could see an adder.

Vanquished Creatures
  An orc warrior (D:3)
  Terence (D:2)
  7 adders
  A worm (D:2)
  6 dart slugs
  2 leopard geckos (D:1)
  3 orcs (D:3)
  A ball python (D:2)
  6 bats
  3 giant cockroaches (D:3)
  7 hobgoblins
  3 jackals (D:1)
  5 kobolds
  4 frilled lizards
  8 goblins
  17 rats
75 creatures vanquished.

Notes
Turn   | Place    | Note
-------+----------+-------------------------------------------
     0 | D:1      | Almogavar the Gnoll Wanderer began the quest for the Orb.
     0 | D:1      | Almogavar set off with the following items: a +2 hand
                  | crossbow, 26 bolts, a +0 ring mail, a potion of curing, a
                  | +0 dagger
     0 | D:1      | Reached XP level 1. HP: 23/23 MP: 1/1
    84 | D:1      | Reached XP level 2. HP: 29/29 MP: 2/2
   377 | D:1      | Reached XP level 3. HP: 35/35 MP: 3/3
   525 | D:1      | Reached skill level 1 in Invocations
   910 | D:2      | Reached skill level 1 in Short Blades
   910 | D:2      | Reached skill level 1 in Long Blades
   910 | D:2      | Reached skill level 1 in Axes
   910 | D:2      | Reached skill level 1 in Maces & Flails
   910 | D:2      | Reached skill level 1 in Polearms
   910 | D:2      | Reached skill level 1 in Staves
   910 | D:2      | Reached skill level 1 in Slings
   910 | D:2      | Reached skill level 1 in Bows
   910 | D:2      | Reached skill level 1 in Throwing
   910 | D:2      | Reached skill level 1 in Dodging
   910 | D:2      | Reached skill level 1 in Unarmed Combat
   910 | D:2      | Reached skill level 1 in Spellcasting
   910 | D:2      | Reached skill level 1 in Evocations
   963 | D:2      | Reached XP level 4. HP: 41/41 MP: 5/5
  1065 | D:2      | Noticed Terence
  1071 | D:2      | Killed Terence
  1072 | D:2      | Reached skill level 1 in Conjurations
  1072 | D:2      | Reached skill level 1 in Hexes
  1072 | D:2      | Reached skill level 1 in Summonings
  1072 | D:2      | Reached skill level 1 in Necromancy
  1072 | D:2      | Reached skill level 1 in Translocations
  1072 | D:2      | Reached skill level 1 in Transmutations
  1072 | D:2      | Reached skill level 1 in Fire Magic
  1072 | D:2      | Reached skill level 1 in Ice Magic
  1072 | D:2      | Reached skill level 1 in Air Magic
  1072 | D:2      | Reached skill level 1 in Earth Magic
  1072 | D:2      | Reached skill level 1 in Poison Magic
  1274 | D:2      | Found a shimmering altar of Xom.
  1296 | D:2      | Reached XP level 5. HP: 47/47 MP: 6/6
  1337 | D:2      | Found a shadowy altar of Dithmenos.
  1356 | D:2      | Found a hide-covered altar of Uskayaw.
  1359 | D:2      | Found a sparkling altar of Nemelex Xobeh.
  1366 | D:2      | Found an ancient bone altar of Kikubaaqudgha.
  2115 | D:3      | Noticed an orc warrior
  2124 | D:3      | HP: 1/47 [orc warrior/cursed +0 flail (11)]
  2133 | D:3      | Killed an orc warrior
  2134 | D:3      | Reached XP level 6. HP: 9/53 MP: 8/8
  2136 | D:3      | Slain by an adder

Illustrated notes

Levels and vault maps discovered:
D:1:      eino_arrival_water_star, layout_loops_cross, hex_tiny,
          minmay_rat_gold_closets
D:2:      layout_loops_ring, nicolae_overflow_hidden_temple, minitemple,
          uniq_terence
D:3:      minmay_wonky_spiral, layout_rooms,
          grunt_temple_overflow_gold_and_silver

Skill      XL: |  1  2  3  4  5 |
---------------+----------------+-----
Invocations    | 1 2 |  2.0
Short Blades   | 1 |  1.8
Long Blades    | 1 |  1.8
Axes           | 1 |  1.8
Maces & Flails | 1 |  1.8
Polearms       | 1 |  1.8
Staves         | 1 |  1.8
Slings         | 1 |  1.8
Bows           | 1 |  1.8
Throwing       | 1 |  1.8
Dodging        | 1 |  1.8
Unarmed Combat | 1 |  1.8
Spellcasting   | 1 |  1.8
Evocations     | 1 |  1.8
Conjurations   | 1 |  1.4
Hexes          | 1 |  1.4
Summonings     | 1 |  1.4
Necromancy     | 1 |  1.4
Translocations | 1 |  1.4
Transmutations | 1 |  1.4
Fire Magic     | 1 |  1.4
Ice Magic      | 1 |  1.4
Air Magic      | 1 |  1.4
Earth Magic    | 1 |  1.4
Poison Magic   | 1 |  1.4
Armour         | 3 |  3.2
Fighting       | |  6.8
Crossbows      | |  4.9
Stealth        | |  4.5
Shields        | |  4.9

Action                   |  1- 3 |  4- 6 || total
-------------------------+-------+-------++-------
Melee: Dagger            |    43 |     2 ||    45
       Bite              |     4 |     1 ||     5
       Mace              |       |    21 ||    21
 Fire: Hand crossbow     |    36 |    38 ||    74
       Hunting sling     |     7 |    61 ||    68
  Use: Scroll            |     4 |     3 ||     7
       Potion            |       |     3 ||     3
 Stab: Sleeping          |     8 |     1 ||     9
Armor: Ring mail         |    10 |    28 ||    38
Dodge: Dodged            |    19 |    27 ||    46
